 Dungeon Crawl Stone Soup version 0.14-a0-1388-g200237c (webtiles) character file.

271 4tharraofdagon the Ruinous (level 5, -2/40 HPs)
             Began as a Human Conjurer on Dec 9, 2013.
             Was an Initiate of Ashenzari.
             Killed by divine providence
             ... invoked by an orc priest
              (15 damage)
             ... on Level 4 of the Dungeon.
             The game lasted 00:08:19 (1444 turns).

4tharraofdagon the Ruinous (Human Conjurer)         Turns: 1444, Time: 00:08:19

HP  -2/40        AC 11     Str  9      XL: 5   Next: 43%
MP   5/9         EV  9     Int 15      God: Ashenzari [......]
Gold 135         SH  2     Dex 14      Spells:  2 memorised,  5 levels left

rFire  . . .     SeeInvis .     h - +1,+2 short sword (venom)
rCold  . . .     Clarity  .     r - +2 ring mail
rNeg   . . .     Conserve .     (no shield)
rPois  .         rCorr    .     (no helmet)
rElec  .         rRot     .     (no cloak)
SustAb . .       Spirit   .     (no gloves)
rMut   .         Warding  .     (no boots)
Saprov . . .     Stasis   .     (no amulet)
                                (no ring)
                                i - +2 ring of protection

@: slightly resistant to hostile enchantments, unstealthy
A: large bone plates 1
a: Renounce Religion


You were on level 4 of the Dungeon.
You worshipped Ashenzari.
Ashenzari was noncommittal.
You were hungry.

You visited 1 branch of the dungeon, and saw 5 of its levels.

You collected 135 gold pieces.

Inventory:

Hand weapons
 e - a +0,+0 whip
 h - a +1,+2 short sword of venom (weapon)
 n - a +0,+1 orcish long sword
Armour
 a - a +0 robe
 o - a +2 plate armour
 r - a +2 ring mail (worn)
 w - a +0 chain mail
Magical devices
 v - a wand of lightning (0)
Comestibles
 b - 3 bread rations
Scrolls
 d - 3 scrolls of enchant weapon II {unknown}
 g - 4 scrolls of enchant armour {unknown}
 j - a scroll of teleportation
 k - 3 scrolls of remove curse
 l - a scroll of blinking {unknown}
 m - a scroll of fog {unknown}
 p - a scroll of enchant weapon I {unknown}
 t - 2 scrolls of identify {unknown}
Jewellery
 i - a +2 ring of protection (left hand)
Potions
 f - a potion of cure mutation {unknown}
 q - a potion of heal wounds {unknown}
 s - a potion of curing
 u - a potion of restore abilities {unknown}
Books
 c - a book of Conjurations

   Spells                             Type                      Level
   *Magic Dart                        Conjuration                  1
   *Searing Ray                       Conjuration                  2
   Dazzling Spray                     Conjuration/Hexes            3
   Iskenderun's Mystic Blast          Conjuration                  4
   Iskenderun's Battlesphere          Conjuration/Charms           4
   Fulminant Prism                    Conjuration/Hexes            5


   Skills:
 + Level 2.8 Fighting
 * Level 2.0 Long Blades
 + Level 2.3 Armour
 - Level 2.0 Dodging
 - Level 2.0 Stealth
 - Level 2.1 Spellcasting
 - Level 4.0 Conjurations
 + Level 0.2 Evocations


You had 5 spell levels left.
You knew the following spells:

 Your Spells              Type           Power        Failure   Level  Hunger
a - Magic Dart            Conj           ##..         10%         1    #......
b - Searing Ray           Conj           ##....       12%         2    ###....


Dungeon Overview and Level Annotations

Branches:
Dungeon (5/16)             Temple (0/1) D:5

Altars:
Ashenzari
the Shining One

Annotations:
D:5 Dowan, Duvessa


Innate Abilities, Weirdness & Mutations

You are partially covered in large bone plates (AC +2, SH +2).


Message History

Aim: an orc priest (heavily wounded)
The magic dart hits the orc priest.
The orc priest is severely wounded.
The orc priest invokes the aid of Beogh against you.
Something smites you!
Casting: Magic Dart
Confirm with . or Enter, or press ? or * to list all spells.
Aiming: Magic Dart
Press: ? - help, Shift-Dir - straight line, f/p - orc priest
Aim: an orc priest (severely wounded)
The magic dart hits the orc.
The orc is lightly wounded.
The orc priest mumbles some strange prayers to Beogh against you.
Something smites you!
* * * LOW HITPOINT WARNING * * *
Drink which item? (? for menu, Esc to quit)
You feel better.
The orc priest calls down the wrath of Beogh upon you.
Something smites you!
You die...

.....# .....#
.....# .....#
###### .#
###############
.###.............#
...........#####.#
......^....+ #@#
...........# #o#
.....####### #.#
.....# #'# ...(.#
.o. .....# .....
.....# .......
####.# .........
#.. ...........


You could see an orc priest and an orc.

Vanquished Creatures
  6 adders
  2 gnolls (D:2)
  A giant eyeball (D:4)
  2 giant geckos (D:3)
  An orc (D:3)
  3 giant cockroaches
  6 goblins
  5 hobgoblins
  9 jackals
  8 kobolds
  A quokka (D:3)
  A ball python (D:1)
  11 bats
  2 giant newts
  8 rats
66 creatures vanquished.

Notes
Turn   | Place    | Note
--------------------------------------------------------------
     0 | D:1      | 4tharraofdagon, the Human Conjurer, began the quest for the Orb.
     0 | D:1      | Reached XP level 1. HP: 13/13 MP: 3/3
    61 | D:1      | Gained mutation: You are partially covered in large bone plates (AC +2, SH +2). [potion of beneficial mutation]
    86 | D:1      | Found a shattered altar of Ashenzari.
    95 | D:1      | Became a worshipper of Ashenzari the Shackled
   153 | D:1      | Reached skill level 1 in Fighting
   153 | D:1      | Reached XP level 2. HP: 12/21 MP: 4/4
   452 | D:2      | Reached XP level 3. HP: 15/27 MP: 6/6
   515 | D:2      | Reached skill level 1 in Armour
   689 | D:2      | Reached XP level 4. HP: 19/34 MP: 7/7
   831 | D:2      | Reached skill level 1 in Long Blades
  1029 | D:3      | Found a glowing golden altar of the Shining One.
  1137 | D:3      | Reached XP level 5. HP: 39/39 MP: 9/9
  1314 | D:4      | Learned a level 2 spell: Searing Ray
  1337 | D:5      | Entered Level 5 of the Dungeon
  1337 | D:5      | Found a staircase to the Ecumenical Temple.
  1337 | D:5      | Noticed Duvessa
  1337 | D:5      | Noticed Dowan
  1337 | D:5      | Noticed an ogre
  1393 | D:4      | Paralysed by a giant eyeball for 2 turns
  1444 | D:4      | Killed from afar by an orc priest

Action                   |  1- 3 |  4- 6 || total
-------------------------+-------+-------++-------
Melee: Short sword       |    85 |   100 ||   185
       Long sword        |       |    13 ||    13
Throw: Dart              |       |     1 ||     1
 Cast: Magic Dart        |    13 |     5 ||    18
       Searing Ray       |       |     2 ||     2
Evoke: Wand              |       |     1 ||     1
  Use: Potion            |     3 |     1 ||     4
       Scroll            |       |     1 ||     1
